 Dungeon Crawl Stone Soup version 0.19.0-2-gae57169 (webtiles) character file.

2685 Monkfish the Covert (level 9, 0/84 HPs)
             Began as a Kobold Berserker on Nov 5, 2016.
             Was an Elder of Trog.
             Slain by an orc warrior
             ... wielding a +0 trident
              (2 damage)
             ... in a bailey.
             The game lasted 00:13:14 (5631 turns).

Monkfish the Covert (Kobold Berserker)              Turns: 5631, Time: 00:13:15

Health: 0/84       AC: 10    Str: 20    XL:     9   Next: 96%
Magic:  9/9        EV: 20    Int:  8    God:    Trog [****..]
Gold:   450        SH:  0    Dex: 17    Spells: 0 memorised, 8 levels left

rFire  . . .     SeeInvis .     e - +0 dagger (drain)
rCold  . . .     Gourm    .     h - +3 leather armour
rNeg   . . .     Faith    .     (shield restricted)
rPois  .         Spirit   .     x - +0 helmet
rElec  .         Reflect  .     i - +0 cloak
rCorr  .         Harm     .     (no gloves)
MR     +++..                    j - +1 pair of boots
Stlth  ..........               (no amulet)
                                u - ring of flight
                                w - ring of protection from magic

@: berserking, regenerating, very quick
A: carnivore 3
a: Berserk, Trog's Hand, Brothers in Arms, Burn Spellbooks, Renounce Religion,
Evoke Flight


You were in a bailey.
You worshipped Trog.
Trog was greatly pleased with you.
You were full.

You visited 1 branch of the dungeon, and saw 8 of its levels.
You also visited: Sewer and Bailey.

You collected 450 gold pieces.

Inventory:

Hand Weapons
 e - a +0 dagger of draining (weapon)
 g - a +3 dagger of holy wrath
 s - a +1 dagger of venom
Armour
 h - a +3 leather armour (worn)
 i - a +0 cloak (worn)
 j - a +1 pair of boots (worn)
 x - a +0 helmet (worn)
Jewellery
 u - a ring of flight (right hand)
 w - a ring of protection from magic (left hand)
Wands
 m - a wand of iceblast (6/15)
 o - a wand of lightning (6/15)
 r - a wand of digging (15/24)
Scrolls
 a - 6 scrolls of remove curse
 b - 2 scrolls of identify
 d - a scroll of teleportation
Potions
 f - a potion of curing
 l - 3 potions of haste
 n - a potion of agility
 p - 2 potions of cancellation
 t - a potion of berserk rage
Comestibles
 c - 4 meat rations
 k - 3 beef jerkies
 v - a royal jelly


   Skills:
 + Level 6.4 Fighting
 + Level 9.6 Short Blades
 - Level 1.5 Armour
 + Level 7.9 Dodging
 * Level 10.4 Stealth


You had 8 spell levels left.
You didn't know any spells.

Dungeon Overview and Level Annotations

Branches:
Dungeon (8/15)             Temple (0/1) D:6
   Lair: D:8-11

Altars:
Dithmenos
Elyvilon
Fedhas
Gozag
Kikubaaqudgha
Yredelemnul
Zin

Shops:
D:5 (

Annotations:
D:7 Prince Ribbit


Innate Abilities, Weirdness & Mutations

You are small and have problems with some larger weapons.
You are carnivorous and can eat meat at any time.


Message History

You hit the centaur but do no damage. You drain the centaur!
The centaur is moderately wounded.
The orc warrior hits you with a spear!
* * * LOW HITPOINT WARNING * * *
The orc misses you.
You hit the centaur. You drain the centaur!
The centaur is heavily wounded.
The orc warrior closely misses you. The orc warrior barely misses you.
The centaur misses you.
You hit the centaur but do no damage.
The centaur is heavily wounded.
The orc warrior closely misses you.
You barely miss the centaur.
The centaur is heavily wounded.
The orc misses you. The centaur hits you with a trident.
* * * LOW HITPOINT WARNING * * *
You completely miss the centaur.
The centaur is heavily wounded.
The orc warrior hits you from afar with a trident.
You die...

...≈≈≈!≈≈≈.....≈
....≈≈≈≈≈≈≈.....≈
....≈≈≈≈≈≈≈....≈≈
.....≈≈≈≈≈.....≈.
≈.⌠..≈≈≈≈≈..⌠.≈≈.
≈.....≈≈≈.....≈.≈
≈≈≈..oo..oo.≈≈≈.≈
..≈≈≈oo..)≈≈≈..≈≈
≈≈..≈≈≈@≈≈≈.o≈≈≈≈
≈≈≈≈...c...≈≈≈≈≈≈
≈≈≈≈≈≈≈≈≈≈≈≈≈≈≈≈≈
≈≈≈≈≈≈≈≈≈≈≈≈≈≈≈≈≈
#################


You could see 4 orc warriors, a centaur and 3 orcs.

Vanquished Creatures
  A hippogriff (D:7)
  Sigmund (D:6)
  2 orc warriors (D:6)
  An ice beast (D:6)
  A phantom (D:7)
  2 sky beasts
  2 centaurs
  A crocodile (Sewer)
  Blork the orc (D:5)
  A bullfrog (D:6)
  A water moccasin zombie (D:8)
  2 scorpions
  5 wights (D:7)
  4 crimson imps
  A quasit (D:7)
  A hound (D:4)
  7 orc wizards
  5 orc priests
  Crazy Yiuf (D:3)
  A gnoll shaman (D:7)
  Jessica (D:3)
  2 iguanas
  Robin (D:3)
  11 gnolls
  8 adders
  A river rat (D:6)
  A howler monkey skeleton (D:5)
  3 shadow imps
  2 adder skeletons
  4 worms
  A dart slug (D:1)
  5 leopard geckos
  20 orcs
  16 bats
  9 giant cockroaches
  20 goblins
  8 hobgoblins
  21 jackals
  9 kobolds
  A quokka (D:2)
  3 ball pythons
  7 frilled lizards
  A jackal zombie (D:7)
  A leopard gecko skeleton (D:7)
  7 rats
204 creatures vanquished.

Notes
Turn   | Place    | Note
-------+----------+-------------------------------------------
     0 | D:1      | Monkfish the Kobold Berserker began the quest for the Orb.
     0 | D:1      | Reached XP level 1. HP: 14/14 MP: 1/1
    49 | D:1      | Reached skill level 1 in Stealth
    66 | D:1      | Reached XP level 2. HP: 15/19 MP: 2/2
   582 | D:2      | Reached XP level 3. HP: 23/23 MP: 3/3
   589 | D:2      | Reached skill level 2 in Stealth
   589 | D:2      | Reached XP level 4. HP: 29/29 MP: 4/4
   665 | D:2      | Reached skill level 5 in Short Blades
   665 | D:2      | Reached skill level 3 in Stealth
  1105 | D:2      | Reached ** piety under Trog
  1105 | D:2      | Reached XP level 5. HP: 33/33 MP: 5/5
  1266 | D:3      | Noticed Robin
  1305 | D:3      | Killed Robin
  1485 | D:3      | Found a runed door.
  1557 | D:3      | Noticed Jessica
  1608 | D:3      | Killed Jessica
  1608 | D:3      | Reached skill level 4 in Stealth
  1706 | D:3      | Reached XP level 6. HP: 38/38 MP: 6/6
  1912 | D:3      | Found a basalt altar of Yredelemnul.
  2052 | D:3      | Noticed Crazy Yiuf
  2061 | D:3      | Killed Crazy Yiuf
  2126 | D:4      | Found a shadowy altar of Dithmenos.
  2519 | D:4      | Reached skill level 5 in Stealth
  2547 | D:4      | Reached *** piety under Trog
  2925 | D:5      | Entered Level 5 of the Dungeon
  2930 | D:5      | Noticed Blork the orc
  2935 | D:5      | Reached XP level 7. HP: 44/44 MP: 7/7
  2952 | D:5      | Killed Blork the orc
  2952 | D:5      | Reached skill level 6 in Stealth
  3206 | D:5      | Reached skill level 5 in Fighting
  3297 | D:5      | Reached XP level 8. HP: 42/49 MP: 8/8
  3327 | D:5      | Found Ezidwy's Weapon Shoppe.
  3533 | D:5      | Reached skill level 5 in Dodging
  3755 | D:6      | Reached skill level 7 in Stealth
  3806 | D:6      | Found a staircase to the Ecumenical Temple.
  3964 | D:6      | Found a blossoming altar of Fedhas.
  3978 | D:6      | Reached **** piety under Trog
  3986 | D:6      | Found an ancient bone altar of Kikubaaqudgha.
  3989 | D:6      | Found an opulent altar of Gozag.
  3999 | D:6      | Found a white marble altar of Elyvilon.
  4052 | D:6      | Noticed Sigmund
  4059 | D:6      | Killed Sigmund
  4059 | D:6      | Reached skill level 8 in Stealth
  4059 | D:6      | Reached XP level 9. HP: 52/55 MP: 9/9
  4217 | D:6      | Found a glowing drain.
  4233 | Sewer    | Entered a sewer
  4291 | Sewer    | Identified a scroll of acquirement
  4414 | D:6      | Reached skill level 9 in Stealth
  4576 | D:7      | Found a glowing silver altar of Zin.
  4860 | D:7      | Reached skill level 10 in Stealth
  5055 | D:7      | Noticed Prince Ribbit
  5212 | D:7      | Noticed a hippogriff
  5227 | D:7      | Killed a hippogriff
  5564 | D:8      | Found a flagged portal.
  5600 | Bailey   | Entered a bailey
  5627 | Bailey   | HP: 4/84 [orc warrior/spear (7)]
  5631 | Bailey   | Slain by an orc warrior

Skill      XL: |  1  2  3  4  5  6  7  8  9 |
---------------+----------------------------+-----
Stealth        | 1 2 3 4 5 6 8 10 | 10.4
Dodging        | 3 4 6 7 |  7.9
Short Blades   | 5 6 8 9 |  9.6
Fighting       | 4 5 6 |  6.4
Armour         | |  1.5

Action                   |  1- 3 |  4- 6 |  7- 9 || total
-------------------------+-------+-------+-------++-------
Melee: Short sword       |    59 |   172 |       ||   231
       Dagger            |       |   167 |   622 ||   789
Invok: Berserk           |     1 |     6 |     8 ||    15
       Trog's Hand       |       |     5 |     5 ||    10
       Burn Spellbooks   |       |       |     1 ||     1
  Use: Scroll            |     4 |     9 |     4 ||    17
       Potion            |     1 |     3 |     1 ||     5
 Stab: Sleeping          |     1 |    12 |    11 ||    24
       Distracted        |       |     2 |       ||     2
  Eat: Chunk             |     2 |    21 |    15 ||    38
Armor: Animal skin       |     4 |    55 |    16 ||    75
       Leather armour    |       |       |    76 ||    76
Dodge: Dodged            |    39 |   248 |   416 ||   703
